 Dungeon Sprint DCSS version 0.29-a0-284-gf9362112df (webtiles) character file.

Game seed: 2667210206695471939

8068 flyleaff the Peltast (level 11, -12/166 HPs)
             Began as a Minotaur Fighter on Mar 17, 2022.
             Was a High Priest of Okawaru.
             Mangled by Hipipy the pandemonium lord (16 damage)
             ... in the Dungeon (Sprint V: "Ziggurat Sprint").
             The game lasted 00:08:49 (566 turns).

flyleaff the Peltast (Minotaur Fighter)              Turns: 566, Time: 00:08:49

Health: -12/166    AC: 36    Str: 24    XL:     11   Next: 5%
Magic:  29/29      EV:  3    Int: 14    God:    Okawaru [*****.]
Gold:   0          SH: 35    Dex: 25    Spells: 10/10 levels left

rFire   + + .      SeeInvis .   E - +9 sword of Zonguldrok {reap}
rCold   + + .      Faith    .   G - +18 shield of the Gong {rElec rN+ Will+ EV-5}
rNeg    + . .      Spirit   .   F - +15 Maxwell's patent armour {-Cast -Tele rElec Will+ rCorr}
rPois   +          Reflect  .   L - +3 hat of Pondering {ponderous, Will+ MP+10 Int+5}
rElec   +          Harm     .   c - scarf {rC+ rF+}
rCorr   +          Rampage  .   (no gloves)
Will    +++..      NoTele   +   K - +0 pair of boots of Erinudgh {Contam MP+9 Int+4 Dex+2}
Stlth   .......... NoCast   +   b - amulet of regeneration
HPRegen 1.17/turn               u - +6 ring of dexterity
MPRegen 0.21/turn               v - +6 ring of dexterity

@: mighty, brilliant, berserking (expiring), resistant, hasted, studying 3
skills, very quick
A: horns 2, retaliatory headbutt
a: Renounce Religion, Heroism, Finesse


You were in the Dungeon.
You worshipped Okawaru.
Okawaru was extremely pleased with you.
You visited 1 branch

Inventory:

Hand Weapons
 E - the +9 sword of Zonguldrok (weapon) {reap}
   (You found it in the Dungeon)

   Any living foe damaged by it may be reanimated upon death as a zombie
   friendly to the wielder, with an increasing chance as more damage is dealt.
Missiles
 n - 5 boomerangs (quivered)
Armour
 c - a scarf of resistance (worn)
 F - the +15 Maxwell's patent armour (worn) {-Cast -Tele rElec Will+ rCorr}
   (You found it in the Dungeon)

   rElec:     It insulates you from electricity.
   -Cast:     It prevents spellcasting.
   -Tele:     It prevents most forms of teleportation.
   rCorr:     It protects you from acid and corrosion.
   Will:      It increases your willpower.
 G - the +18 shield of the Gong (worn) {rElec rN+ Will+ EV-5}
   (You found it in the Dungeon)

   It is deafeningly noisy when blocking attacks.
   EV:        It affects your evasion (-5).
   rElec:     It insulates you from electricity.
   rN:        It protects you from negative energy.
   Will:      It increases your willpower.
 K - the +0 pair of boots of Erinudgh (worn) {Contam MP+9 Int+4 Dex+2}
   (Okawaru gifted it to you in the Dungeon)

   Int:       It affects your intelligence (+4).
   Dex:       It affects your dexterity (+2).
   MP:        It affects your magic capacity (+9).
   Contam:    It causes magical contamination when unequipped.
 L - the +3 hat of Pondering (worn) {ponderous, Will+ MP+10 Int+5}
   (You found it in the Dungeon)

   Int:       It affects your intelligence (+5).
   MP:        It affects your magic capacity (+10).
   Will:      It increases your willpower.
Jewellery
 a - a +4 ring of slaying
 b - an amulet of regeneration (around neck)
 t - a ring of flight
 u - a +6 ring of dexterity (left hand)
 v - a +6 ring of dexterity (right hand)
 w - a +6 ring of intelligence
 x - a +6 ring of intelligence
 y - a +6 ring of strength
 z - a +6 ring of strength
 B - the amulet of Qiter {Acrobat Int+3}
   (You found it in the Dungeon)

   [amulet of the acrobat]

   It increases your evasion while moving and waiting.
   Int:       It affects your intelligence (+3).
 D - a ring of fire
 H - an amulet of faith
Wands
 A - a wand of mindburst (6)
 C - a wand of acid (7)
Scrolls
 j - 4 scrolls of blinking
 o - 4 scrolls of amnesia
 p - 7 scrolls of fog
 q - a scroll of holy word
 r - 5 scrolls of identify
 s - 2 scrolls of fear
 M - a scroll of brand weapon
Potions
 d - 4 potions of might
 e - 10 potions of curing
 f - 10 potions of heal wounds
 g - 3 potions of haste
 h - 7 potions of magic
 i - a potion of berserk rage
 k - a potion of brilliance
 l - 2 potions of invisibility
 m - 3 potions of resistance
Miscellaneous
 I - a lightning rod (4/4)
 J - a piece from Xom's chessboard (15/15)


   Skills:
 + Level 14.3 Fighting
 + Level 16.4 Long Blades
 + Level 15.5 Armour
 + Level 1.1 Dodging
 + Level 0.5 Stealth
 + Level 18.4 Shields
 + Level 4.1 Evocations


You had 10 spell levels left.
You didn't know any spells.
Your spell library contained the following spells:

 Spells                   Type           Power      Damage    Failure   Level
 Apportation              Tloc           0%         N/A       97%         1
 Magic Dart               Conj           0%         1d3       97%         1
 Corpse Rot               Necr/Air       0%         N/A       99%         2
 Confusing Touch          Hex            0%         N/A       100%        3
 Conjure Flame            Conj/Fire      0%         6-21      100%        3
 Ignite Poison            Fire/Tmut/Pois 0%         N/A       100%        3
 Inner Flame              Hex/Fire       0%         N/A       100%        3
 Mephitic Cloud           Conj/Pois/Air  0%         N/A       100%        3
 Sticky Flame             Conj/Fire      0%         2d3       100%        4
 Fireball                 Conj/Fire      0%         3d3       100%        5
 Freezing Cloud           Conj/Ice/Air   0%         6-21      100%        5
 Iskenderun's Battlesphe  Conj           0%         2d6       100%        5
 Lightning Bolt           Conj/Air       0%         1d11      100%        5
 Conjure Ball Lightning   Conj/Air       0%         3x3d6     100%        6
 Orb of Destruction       Conj           0%         9d5       100%        7
 Polar Vortex             Ice            0%         N/A       100%        9
 Call Imp                 Summ           Unusable   N/A       N/A         2
 Summon Lightning Spire   Summ/Air       Unusable   N/A       N/A         4
 Simulacrum               Ice/Necr       Unusable   N/A       N/A         6
 Malign Gateway           Summ/Tloc      Unusable   N/A       N/A         7

Dungeon Overview and Level Annotations

Branches:
Dungeon (1/1)

Altars:
Ashenzari
Cheibriados
Dithmenos
Elyvilon
Fedhas
Gozag
Hepliaklqana
Kikubaaqudgha
Makhleb
Nemelex Xobeh
Okawaru
Qazlal
Ru
Sif Muna
Trog
Uskayaw
Vehumet
Wu Jian
Xom
Yredelemnul
Zin
The Shining One
Beogh
Jiyva
Lugonu


Innate Abilities, Weirdness & Mutations

You have a pair of horns on your head.
You reflexively headbutt those who attack you in melee.


Message History

You block Hipipy's attack.
GONNNNG!
You block the sun demon's attack.
GONNNNG!
You block the ice devil's attack.
GONNNNG!
You block the chaos spawn's attack.
SHROANNG!
You slash Hipipy!
Hipipy is lightly wounded.
You block Hipipy's attack.
BONNNG!
The soul eater draws from the surrounding life force!
* * * LOW HITPOINT WARNING * * *
You block the red devil's attack.
GONNNNG!
Unknown command.
You slash Hipipy!
Hipipy is lightly wounded.
You block Hipipy's attack.
GONNNNG!
You block the sun demon's attack.
BONNNG!
The ice devil barely misses you. You block the chaos spawn's attack.
GONNNNG!
The soul eater draws from the surrounding life force!
* * * LOW HITPOINT WARNING * * *
You block the red devil's attack.
PANG!
Unknown command.
Unknown command.
Unknown command.
Unknown command.
Unknown command.
You barely miss Hipipy. You headbutt Hipipy, but do no damage.
Hipipy is lightly wounded.
Hipipy hits you!
* * * LOW HITPOINT WARNING * * *
Hipipy hits you!
You die...

▓..|:|)=..▓
▓...:!||..▓
▓.........▓
▓.........▓
▓.........▓
▓..453....▓
▓.▓54&35▓.▓
▓..54@3...▓
▓▓▓▓▓▓▓▓▓▓▓


You could see Hipipy (fast), a soul eater, 2 sun demons, an ice devil
(summoned), a chaos spawn (summoned), a red devil, an iron imp, a quasit, a
white imp and a shadow imp.

Vanquished Creatures
  A tentacled starspawn (D)
  2 red draconians (D)
  A yellow draconian (D)
  3 draconians (D)
  A black mamba (D)
  3 smoke demons (D)
  2 rime drakes (D)
  4 air elementals (D)
  A steam dragon (D)
  2 nagas (D)
  2 water moccasins (D)
  4 acid dragons (D)
  A swamp drake (D)
  2 necrophages (D)
  3 scorpions (D)
  A wight (D)
  2 crimson imps (D)
  A small abomination (D)
  A quasit (D)
  3 iron imps (D)
  A white imp (D)
  A ball python (D)
  2 ball python zombies (D)
  A giant cockroach zombie (D)
45 creatures vanquished.

Vanquished Creatures (others)
  A shadow imp (D)
  2 starspawn tentacles (D)
3 creatures vanquished.

Grand Total: 48 creatures vanquished

Notes
Turn   | Place    | Note
-------+----------+-------------------------------------------
     0 | D        | flyleaff the Minotaur Fighter began the quest for the Orb.
     0 | D        | Reached XP level 1. HP: 19/19 MP: 0/0
     0 | D        | Found a shimmering blue altar of Sif Muna.
     0 | D        | Found a sacrificial altar of Ru.
     0 | D        | Found a bloodstained altar of Trog.
     0 | D        | Found a stormy altar of Qazlal.
     0 | D        | Found an iron altar of Okawaru.
     0 | D        | Found a sparkling altar of Nemelex Xobeh.
     0 | D        | Found a blossoming altar of Fedhas.
     0 | D        | Found the +6 Majin-Bo {vamp, MP+6 Int+6}
     0 | D        | Found the +9 heavy crossbow "Sniper" {vorpal, Acc+∞ SInv}
     0 | D        | Found the +10 dark maul {vorpal}
     0 | D        | Found the +15 Maxwell's patent armour {-Cast -Tele rElec
                  | Will+ rCorr}
     0 | D        | Found the +18 shield of the Gong {rElec rN+ Will+ EV-5}
     0 | D        | Found the +14 obsidian axe {vorpal, Mesm Drain Fly SInv}
     0 | D        | Found the +7 great mace "Firestarter" {inner flame, rF++}
     0 | D        | Found the +6 shillelagh "Devastator" {shatter}
     0 | D        | Found the +11 plutonium sword {Contam Stlth-}
     0 | D        | Found the +8 lance "Wyrmbane" {slay drac, rPois rF+ rC+
                  | AC+3}
     0 | D        | Found the +9 sword of Zonguldrok {reap}
     0 | D        | Found the +13 scythe of Curses {drain, Drain}
     0 | D        | Found the +5 sword of Power {vorpal}
     0 | D        | Found the +7 mace of Variability {chain chaos}
     0 | D        | Found the +7 Singing Sword {vorpal, sonic wave}
     0 | D        | Found the +8 storm bow {elec, penet}
     2 | D        | Found a transporter.
     2 | D        | Found an ancient bone altar of Kikubaaqudgha.
     2 | D        | Found a viscous altar of Jiyva.
     2 | D        | Found a corrupted altar of Lugonu.
     2 | D        | Found a hazy altar of Hepliaklqana.
     2 | D        | Found a burning altar of Makhleb.
     2 | D        | Found an opulent altar of Gozag.
    72 | D        | Became a worshipper of Warmaster Okawaru
    73 | D        | Reached skill level 5 in Fighting
    73 | D        | Reached skill level 5 in Long Blades
    73 | D        | Reached skill level 5 in Armour
    73 | D        | Reached skill level 5 in Shields
    73 | D        | Reached XP level 2. HP: 30/30 MP: 1/1
    84 | D        | Entered arena 2.
    84 | D        | Found a transporter.
   105 | D        | Entered arena 3.
   105 | D        | Noticed a scorpion
   105 | D        | Noticed a scorpion
   105 | D        | Noticed a scorpion
   105 | D        | Found a transporter.
   107 | D        | Killed a scorpion
   107 | D        | Killed a scorpion
   107 | D        | Reached * piety under Okawaru
   108 | D        | Reached skill level 7 in Shields
   108 | D        | Reached XP level 3. HP: 40/40 MP: 2/2
   108 | D        | Reached XP level 4. HP: 48/48 MP: 3/3
   108 | D        | Killed a scorpion
   109 | D        | Reached skill level 8 in Shields
   109 | D        | Reached XP level 5. HP: 56/56 MP: 4/4
   118 | D        | Entered arena 4.
   118 | D        | Noticed an air elemental
   118 | D        | Noticed an air elemental
   118 | D        | Noticed an air elemental
   118 | D        | Noticed an air elemental
   118 | D        | Found a transporter.
   118 | D        | Paralysed by an air elemental for 1 turns
   120 | D        | Paralysed by an air elemental for 1 turns
   122 | D        | Killed an air elemental
   122 | D        | Reached ** piety under Okawaru
   123 | D        | Reached skill level 9 in Shields
   123 | D        | Reached XP level 6. HP: 57/64 MP: 5/5
   123 | D        | Killed an air elemental
   123 | D        | Paralysed by an air elemental for 1 turns
   124 | D        | Reached skill level 10 in Fighting
   124 | D        | Reached skill level 10 in Armour
   124 | D        | Reached skill level 10 in Shields
   124 | D        | Reached skill level 1 in Evocations
   125 | D        | Killed an air elemental
   125 | D        | Reached *** piety under Okawaru
   126 | D        | Reached XP level 7. HP: 53/73 MP: 6/6
   127 | D        | Killed an air elemental
   128 | D        | Reached skill level 11 in Shields
   169 | D        | Entered arena 5.
   169 | D        | Found a transporter.
   194 | D        | Entered arena 6.
   194 | D        | Noticed a tentacled starspawn
   194 | D        | Found a transporter.
   204 | D        | Killed a tentacled starspawn
   204 | D        | Reached **** piety under Okawaru
   204 | D        | Received a gift from Okawaru
   205 | D        | Reached skill level 13 in Shields
   205 | D        | Reached XP level 8. HP: 73/85 MP: 7/7
   205 | D        | Reached XP level 9. HP: 78/91 MP: 8/8
   215 | D        | Got the Almanac of Weightlessness
   234 | D        | Entered arena 7.
   234 | D        | Noticed a draconian
   234 | D        | Noticed a red draconian
   234 | D        | Noticed a draconian
   234 | D        | Noticed a red draconian
   234 | D        | Noticed a draconian
   234 | D        | Noticed a yellow draconian
   237 | D        | Found a transporter.
   244 | D        | Killed a yellow draconian
   245 | D        | Reached skill level 14 in Shields
   250 | D        | Killed a red draconian
   250 | D        | Reached ***** piety under Okawaru
   251 | D        | Reached skill level 15 in Shields
   253 | D        | Killed a draconian
   253 | D        | Received a gift from Okawaru
   257 | D        | Killed a red draconian
   258 | D        | Reached skill level 16 in Shields
   258 | D        | Reached XP level 10. HP: 58/101 MP: 9/9
   261 | D        | Killed a draconian
   266 | D        | Killed a draconian
   267 | D        | Reached skill level 15 in Long Blades
   278 | D        | Got Sif Muna's Tome of Execration and Dislocation
   282 | D        | Got the amulet of Qiter {Acrobat Int+3}
   292 | D        | Entered arena 8.
   292 | D        | Noticed a black mamba
   293 | D        | Found a transporter.
   298 | D        | Killed a black mamba
   309 | D        | Reached skill level 17 in Shields
   379 | D        | Entered arena 9.
   379 | D        | Noticed a smoke demon
   379 | D        | Noticed a smoke demon
   381 | D        | Found a transporter.
   388 | D        | Killed a smoke demon
   394 | D        | Killed a smoke demon
   395 | D        | Reached skill level 15 in Armour
   414 | D        | Entered arena 10.
   414 | D        | Found the +3 hat of Pondering {ponderous, Will+ MP+10
                  | Int+5}
   423 | D        | Identified the +0 pair of boots of Erinudgh {Contam MP+9
                  | Int+4 Dex+2} (Okawaru gifted it to you in the Dungeon)
   423 | D        | Received a gift from Okawaru
   431 | D        | Reached skill level 18 in Shields
   432 | D        | Reached skill level 1 in Dodging
   440 | D        | Found a transporter.
   448 | D        | Reached XP level 11. HP: 110/110 MP: 10/10
   548 | D        | Entered arena 11.
   548 | D        | Noticed Hipipy the pandemonium lord
   548 | D        | Noticed a soul eater
   548 | D        | Noticed a sun demon
   552 | D        | Noticed a soul eater
   552 | D        | Noticed a sun demon
   566 | D        | HP: 4/166 [Hipipy the pandemonium lord (15)]
   566 | D        | Mangled by Hipipy the pandemonium lord

Illustrated notes

Levels and vault maps discovered:
D:        sprint_v [room_start, room_1, room_2, room_3, room_4, room_5, room_6,
          room_7, room_8, room_9, room_10, room_11, room_12, room_13, room_14,
          room_15, room_16, room_17, room_18, room_19, room_20, room_21,
          room_22, room_23, room_24, room_25, room_26, room_27]

Skill      XL: |  1  2  3  4  5  6  7  8  9 10 |
---------------+-------------------------------+-----
Fighting       | 5 7 8 9 10 12 13 14 | 14.3
Long Blades    | 5 6 7 11 14 16 | 16.4
Armour         | 5 7 8 9 11 13 14 15 | 15.5
Shields        | 5 7 8 9 10 13 16 18 | 18.4
Evocations     | 1 2 3 4 |  4.1
Dodging        | 1 |  1.1
Stealth        | |  0.5

Action                   |  1- 3 |  4- 6 |  7- 9 | 10-12 || total
-------------------------+-------+-------+-------+-------++-------
Melee: Double sword      |     2 |     5 |    41 |    78 ||   126
       Headbutt          |       |     2 |     8 |    20 ||    30
Evoke: Wand              |     2 |     1 |     5 |       ||     8
       Piece from Xom's  |       |       |       |     3 ||     3
  Use: Potion            |     1 |     1 |     2 |     6 ||    10
 Stab: Confused          |       |       |       |     1 ||     1
Armor: Plate armour      |       |    18 |    21 |    28 ||    67
Dodge: Dodged            |       |       |     3 |     8 ||    11
Block: Kite shield       |     2 |    12 |    72 |   136 ||   222

Table legend: (Time is in decaauts)
 A = Elapsed time spent in this place.
 B = Non-inter-level travel time spent in this place.
 C = Inter-level travel time spent in this place.
 D = Time resting spent in this place.
 E = Time spent auto-exploring this place.
 F = Levels seen in this place.
 G = Mean time per level.
                   A        B        C        D        E       F      G
               +--------+--------+--------+--------+--------+-----+--------+
         Total |    522 |    522 |      0 |    154 |     19 |   1 |  522.0 |
       Dungeon |    522 |    522 |      0 |    154 |     19 |   1 |  522.0 |
               +--------+--------+--------+--------+--------+-----+--------+

Top non-repeatable levels by time:
       D: 522 daAuts
